 Dungeon Crawl Stone Soup version 0.19.4 (webtiles) character file.

536 vatarom the Insei (level 7, -3/43 HPs)
             Began as an Octopode Transmuter on Feb 3, 2017.
             Was an Initiate of Ashenzari.
             Killed from afar by an orc wizard (6 damage)
             ... with a magic dart
             ... on level 4 of the Dungeon.
             The game lasted 00:09:29 (4416 turns).

vatarom the Insei (Octopode Transmuter)             Turns: 4416, Time: 00:09:30

Health: -3/43      AC:  1    Str:  9    XL:     7   Next: 25%
Magic:  10/12      EV: 13    Int: 16    God:    Ashenzari [......]
Gold:   155        SH:  0    Dex: 14    Spells: 4 memorised, 3 levels left

rFire  . . .     SeeInvis .       - Unarmed
rCold  . . .     Gourm    .     (no shield)
rNeg   . . .     Faith    .     (helmet restricted)
rPois  .         Spirit   .     (no amulet)
rElec  .         Reflect  .     h - ring of wizardry
rCorr  .         Harm     .     (no ring)
MR     .....                    (no ring)
Stlth  ++........               (no ring)
                                (no ring)
                                (no ring)
                                (no ring)
                                (no ring)

@: no status effects
A: almost no armour, stealthy swim, amphibious, 8 rings, constrict 8, camouflage
1, gelatinous body 1
a: Curse Item, Renounce Religion


You were on level 4 of the Dungeon.
You worshipped Ashenzari.
Ashenzari was noncommittal.
You were very hungry.

You visited 2 branches of the dungeon, and saw 5 of its levels.

You collected 155 gold pieces.

Inventory:

Missiles
 a - 12 arrows
 f - 6 tomahawks of returning (quivered)
Jewellery
 h - a ring of wizardry (left tentacle)
Scrolls
 e - 2 scrolls of identify
Books
 b - a book of Changes

   Spells                             Type                      Level
   a - Beastly Appendage              Transmutation                1
   b - Sticks to Snakes               Transmutation                2
   c - Spider Form                    Transmutation/Poison         3
   d - Ice Form                       Ice/Transmutation            4
   e - Blade Hands                    Transmutation                5
Comestibles
 c - 3 bread rations


   Skills:
 - Level 1.0 Fighting
 - Level 2.0 Dodging
 * Level 6.2 Unarmed Combat
 + Level 3.6 Spellcasting
 + Level 4.1 Transmutations


You had 3 spell levels left.
You knew the following spells:

 Your Spells              Type           Power        Failure   Level  Hunger
a - Beastly Appendage     Tmut           ###...       1%          1    None
b - Sticks to Snakes      Tmut           ###.....     2%          2    ##.....
c - Spider Form           Tmut/Pois      #.........   12%         3    ###....
d - Ice Form              Ice/Tmut       #.......     52%         4    ####...


Dungeon Overview and Level Annotations

Branches:
Dungeon (4/15)             Temple (1/1) D:4

Altars:
Ashenzari
Cheibriados
Elyvilon
Gozag
Hepliaklqana
Makhleb
Ru
Sif Muna
Trog
Xom
Yredelemnul

Annotations:
D:3 empire's ghost, amateur DEAE
D:4 shwouchk's ghost, novice FoFi


Innate Abilities, Weirdness & Mutations

You cannot wear most types of armour.
You are very stealthy in the water. (Stealth+)
You are amphibious.
You can wear up to eight rings at the same time.
You can use your tentacles to constrict eight enemies at once.
Your skin changes colour to match your surroundings (Stealth+).
Your rubbery body absorbs attacks. (AC +1, EV +1)


Message History

You hit the ogre.
The ogre looks as sick as possible!
The ogre is moderately wounded.
The ogre hits you with a giant club!
* * * LOW HITPOINT WARNING * * *
You barely miss the ogre.
The ogre is heavily wounded.
The ogre completely misses you.
The orc wizard gestures wildly while chanting.
The orc wizard blinks!
Your transformation has ended.
You kill the ogre!
The orc wizard gestures at you while chanting.
The magic dart hits you!
* * * LOW HITPOINT WARNING * * *
Casting: Spider Form
Confirm with . or Enter, or press ? or * to list all spells.
You create a snake!
You now have 12 arrows.
The orc wizard casts a spell at you. The magic dart hits you!
You die...

............# #. #.## #.#
#######.#######. ##..###.#
#.##...... #....o..#
#.##......##.......#
#######.##...............#
.........#.....[.........#
#######..#........)##.##.##
#..# ###............# #..#
#..@..###.#..# #..# #.....#
....# #..# #...S.# #...#
#..# #.....# .>.# #..#
#รท....# ##.# #..# #.....#
.# #.## #.....# #.# #.....#
#.######.....#


You could see an orc wizard and a friendly ball python.

Vanquished Creatures
  Grinder (D:3)
  An ogre (D:4)
  A howler monkey (Temple)
  2 worker ants
  3 gnolls (D:2)
  6 adders
  2 oozes (D:1)
  A worm (D:2)
  3 dart slugs (D:1)
  3 leopard geckos
  An orc (D:3)
  A ball python (D:1)
  8 bats
  2 giant cockroaches
  8 goblins
  5 hobgoblins
  8 jackals
  3 kobolds
  8 frilled lizards
  6 rats
73 creatures vanquished.

Vanquished Creatures (collateral kills)
  An adder (D:2)
  2 worms (D:2)
  A kobold (D:1)
4 creatures vanquished.

Grand Total: 77 creatures vanquished

Notes
Turn   | Place    | Note
-------+----------+-------------------------------------------
     0 | D:1      | vatarom the Octopode Transmuter began the quest for the Orb.
     0 | D:1      | Reached XP level 1. HP: 13/13 MP: 3/3
   176 | D:1      | Reached XP level 2. HP: 13/18 MP: 3/5
   221 | D:1      | Learned a level 2 spell: Sticks to Snakes
   579 | D:1      | Reached XP level 3. HP: 23/23 MP: 6/6
   688 | D:1      | Learned a level 3 spell: Spider Form
   834 | D:1      | Reached skill level 4 in Unarmed Combat
  1403 | D:2      | Reached XP level 4. HP: 25/28 MP: 2/7
  1644 | D:2      | Found a deep blue altar of Sif Muna.
  1651 | D:2      | Found a shimmering altar of Xom.
  1733 | D:2      | Reached XP level 5. HP: 24/33 MP: 4/8
  2152 | D:3      | Noticed Grinder
  2181 | D:3      | Paralysed by Grinder for 5 turns
  2211 | D:3      | Killed Grinder
  2211 | D:3      | Reached skill level 5 in Unarmed Combat
  2211 | D:3      | Reached XP level 6. HP: 13/38 MP: 0/10
  2495 | D:3      | Found a shimmering altar of Xom.
  3058 | D:3      | Learned a level 4 spell: Ice Form
  3078 | D:3      | Noticed empire's ghost (amateur DEAE)
  3646 | D:4      | Noticed shwouchk's ghost (novice FoFi)
  3839 | D:4      | Found a staircase to the Ecumenical Temple.
  3849 | Temple   | Entered the Ecumenical Temple
  3854 | Temple   | Reached skill level 6 in Unarmed Combat
  3854 | Temple   | Reached XP level 7. HP: 37/43 MP: 12/12
  3902 | Temple   | Became a worshipper of Ashenzari the Shackled
  4416 | D:4      | Killed from afar by an orc wizard

Skill      XL: |  1  2  3  4  5  6  7 |
---------------+----------------------+-----
Unarmed Combat | 4 5 6 |  6.2
Transmutations | 3 4 |  4.1
Spellcasting   | 3 |  3.6
Fighting       | |  1.0
Dodging        | |  2.0

Action                   |  1- 3 |  4- 6 |  7- 9 || total
-------------------------+-------+-------+-------++-------
Melee: Unarmed           |    79 |   100 |     6 ||   185
       Kick              |     5 |       |       ||     5
       Constrict         |    20 |    26 |       ||    46
       Tentacles         |    10 |    17 |       ||    27
       Punch             |       |     1 |       ||     1
 Cast: Beastly Appendage |     5 |       |       ||     5
       Sticks to Snakes  |     5 |    16 |     1 ||    22
       Spider Form       |       |     1 |     1 ||     2
  Use: Potion            |     1 |     4 |       ||     5
       Scroll            |     4 |     7 |       ||    11
 Stab: Sleeping          |     5 |     3 |       ||     8
  Eat: Chunk             |     2 |     4 |     1 ||     7
       Bread ration      |       |     1 |       ||     1
Armor: Skin              |    11 |    13 |     1 ||    25
Dodge: Dodged            |    53 |    73 |    10 ||   136
